[Event "Team 45 45 League T36"]
[Site "Internet Chess Club"]
[Date "2008.02.18"]
[Round "4"]
[White "HocusPocus"]
[Black "SpikeyJ"]
[Result "0-1"]
[WhiteElo "2075"]
[BlackElo "2144"]
[Opening "Pirc defense"]
[ECO "B07"]
[Time "08:10:15"]
[TimeControl "2700+45"]

1. e4 d6 2. d4 Nf6 3. Bd3 e5 4. c3 d5 5. dxe5 Nxe4 6. Bxe4 dxe4 7. Qa4+ Bd7 8.
Qxe4 Bc6 9. Qg4 h5 10. Qg3 h4 11. Qg4 Qe7 12. Qc8+ Qd8 13. Qg4 Nd7 14. Nf3 Bxf3
15. Qxf3 Nxe5 16. Qe4 Qf6 17. f4 Rh5 18. O-O O-O-O 19. fxe5 Bc5+ 20. Be3 Qg6 21.
Qf4 h3 22. g3 Qc6 23. Rf3 Bxe3+ 24. Qxe3 Rxe5 25. Qf4 Qc5+ {White resigns} 0-1

[Event "Team 45 45 League T36"]
[Site "Internet Chess Club"]
[Date "2008.02.14"]
[Round "4"]
[White "fledermaus"]
[Black "chsrules88"]
[Result "1/2-1/2"]
[WhiteElo "1972"]
[BlackElo "2022"]
[Opening "QGD: Chigorin defense"]
[ECO "D07"]
[Time "13:57:26"]
[TimeControl "2700+45"]

1. d4 d5 2. c4 Nc6 3. Nc3 Nf6 4. Nf3 Bf5 5. cxd5 Nxd5 6. Qb3 Nxc3 7. bxc3 b6 8.
Nd2 Na5 9. Qb5+ Bd7 10. Qd3 e6 11. g3 Bc6 12. e4 Be7 13. Bg2 O-O 14. O-O Re8 15.
Nb3 Nxb3 16. axb3 a5 17. Be3 e5 18. Rfd1 exd4 19. cxd4 Bb4 20. f3 Qd7 21. Qc2
Bb5 22. Bf2 a4 23. Rdc1 axb3 24. Qxb3 Rxa1 25. Rxa1 Ba5 26. Rc1 Bd2 27. Bh3 Qe7
28. Rd1 Bb4 29. Rb1 c5 30. Bf1 Bxf1 31. Kxf1 Qd7 32. Kg2 Ra8 33. dxc5 bxc5 34.
Rd1 Qe6 35. Qa4 Qc8 36. Qb3 Ra3 37. Qd5 g6 38. Rc1 Ra7 39. Rc2 Qd7 40. Qxd7 Rxd7
41. f4 f6 42. Kf3 Kf7 43. Ke2 h5 44. h3 Ke6 45. Be3 Ra7 46. Kd3 Ra3+ 47. Ke2 Kd6
48. g4 Ra1 49. Kf2 Rh1 50. Kg2 Rd1 51. Kf3 Kc6 52. f5 hxg4+ 53. hxg4 gxf5 54.
exf5 Kd5 55. g5 fxg5 56. Bxg5 Ke5 57. Be7 Rf1+ 58. Kg2 Rxf5 59. Bxc5 Be1 60.
Re2+ Kd5 61. Rxe1 Kxc5 62. Rd1 {Game drawn by mutual agreement} 1/2-1/2

[Event "Team 45 45 League T36"]
[Site "Internet Chess Club"]
[Date "2008.02.16"]
[Round "4"]
[White "PandorasBox"]
[Black "kingcapture"]
[Result "0-1"]
[WhiteElo "1995"]
[BlackElo "2179"]
[Opening "King's Indian: Torre attack"]
[ECO "A48"]
[Time "16:06:16"]
[TimeControl "2700+45"]

1. d4 Nf6 2. Nf3 g6 3. Bg5 Bg7 4. Nc3 d5 5. e3 c6 6. Be2 O-O 7. h4 Ne4 8. Nxe4
dxe4 9. Nd2 h6 10. Bf4 f5 11. g4 e6 12. g5 Kh7 13. h5 hxg5 14. hxg6+ Kg8 15. Be5
Nd7 16. Bxg7 Kxg7 17. Bc4 Nf6 18. Qe2 Kxg6 19. O-O-O b5 20. Bb3 a5 21. a3 Qe7
22. f3 a4 23. Ba2 b4 24. Nc4 Ba6 25. Ne5+ Kg7 26. Qh2 Rh8 27. Qxh8+ Rxh8 28.
Rxh8 exf3 29. Rd2 bxa3 30. Ra8 axb2+ 31. Kb1 Qb7 32. Rd8 Qb4 33. Nxf3 g4 34. Rg2
Ne4 35. Rd7+ Kf6 36. Rf7+ Kxf7 37. Ne5+ Kg7 {White resigns} 0-1

[Event "Team 45 45 League T36"]
[Site "Internet Chess Club"]
[Date "2008.02.17"]
[Round "4"]
[White "McKnights"]
[Black "izit"]
[Result "0-1"]
[WhiteElo "1703"]
[BlackElo "2204"]
[Opening "Sicilian: Najdorf, Byrne (English) attack"]
[ECO "B90"]
[Time "14:09:09"]
[TimeControl "2700+45"]

1. e4 c5 2. Nf3 d6 3. Nc3 Nf6 4. d4 cxd4 5. Nxd4 a6 6. Be3 e5 7. Nb3 Be6 8. Be2
Be7 9. Nd5 Bxd5 10. exd5 O-O 11. O-O Nbd7 12. c4 g6 13. Nd2 Re8 14. Nf3 Ng4 15.
h3 Nxe3 16. fxe3 a5 17. Nd2 Nc5 18. e4 Qb6 19. Rb1 Nxe4+ 20. Kh2 Qe3 21. Nxe4
Qxe4 22. Bd3 Qh4 23. Qf3 f5 24. g3 Qh6 25. Be2 Bf6 26. Rfd1 Re7 27. Qb3 e4 28.
c5 Be5 29. c6 bxc6 30. dxc6+ Kh8 31. Rbc1 a4 32. Qb6 Qg5 33. Rg1 d5 34. Rc2 d4
35. Ba6 d3 36. c7 dxc2 37. Qb8+ Rxb8 {White resigns} 0-1

[Event "Team 45 45 League T36"]
[Site "Internet Chess Club"]
[Date "2008.02.15"]
[Round "4"]
[White "therealwizard"]
[Black "Turlock"]
[Result "1-0"]
[WhiteElo "2113"]
[BlackElo "1719"]
[Opening "QGD: classical variation (5.Bf4)"]
[ECO "D37"]
[Time "17:01:28"]
[TimeControl "2700+45"]

1. d4 d5 2. Nf3 Nf6 3. c4 e6 4. Nc3 Be7 5. Bf4 c6 6. e3 O-O 7. Qc2 Nbd7 8. h3
dxc4 9. Bxc4 b5 10. Bd3 Bb7 11. O-O b4 12. Ne4 Nxe4 13. Bxe4 Rc8 14. Bxh7+ Kh8
15. Be4 Qb6 16. Ne5 Nf6 17. Bg5 Nxe4 18. Bxe7 Rfe8 19. Qxe4 Rxe7 20. Qh4+ {Black
resigns} 1-0

[Event "Team 45 45 League T36"]
[Site "Internet Chess Club"]
[Date "2008.02.16"]
[Round "4"]
[White "gyoung"]
[Black "pestka"]
[Result "1-0"]
[WhiteElo "2241"]
[BlackElo "2228"]
[Opening "Sicilian: Labourdonnais-Löwenthal (Kalashnikov) variation"]
[ECO "B32"]
[Time "15:00:51"]
[TimeControl "2700+45"]

1. e4 c5 2. Nf3 Nc6 3. d4 cxd4 4. Nxd4 e5 5. Nb5 d6 6. c4 Be7 7. N1c3 a6 8. Na3
f5 9. exf5 Bxf5 10. Bd3 Be6 11. Be3 Nf6 12. f3 d5 13. cxd5 Bxa3 14. bxa3 Nxd5
15. Nxd5 Qxd5 16. Bb6 O-O 17. Qb1 h6 18. O-O Rf7 19. Rd1 Nd4 20. Qb2 Rc8 21. Be4
Qc4 22. Bxd4 exd4 23. Rac1 Qa4 24. Rxc8+ Bxc8 25. Rxd4 Qe8 26. Qd2 Qe7 27. Qb4
Qe8 28. Bg6 Qe3+ 29. Kf1 Rf8 30. Qxf8+ {Black resigns} 1-0

[Event "Team 45 45 League T36"]
[Site "Internet Chess Club"]
[Date "2008.02.18"]
[Round "4"]
[White "Chessrascal"]
[Black "palito"]
[Result "0-1"]
[WhiteElo "2080"]
[BlackElo "2145"]
[Opening "Sicilian: closed, 6.f4"]
[ECO "B25"]
[Time "13:50:15"]
[TimeControl "2700+45"]

1. e4 c5 2. Nc3 g6 3. g3 Bg7 4. Bg2 Nc6 5. d3 d6 6. f4 e6 7. Nf3 Nge7 8. O-O O-O
9. Be3 Nd4 10. e5 Nef5 11. Bf2 h5 12. exd6 Qxd6 13. Ne4 Qc7 14. c3 Nxf3+ 15.
Bxf3 c4 16. d4 Bd7 17. Qe2 Rac8 18. h3 b5 19. Kg2 Bc6 20. Ng5 Bxf3+ 21. Nxf3 a5
22. Ne5 b4 23. Rac1 Ne7 24. Kh2 Bxe5 25. fxe5 Nd5 26. Be3 bxc3 27. bxc3 Nxe3 28.
Qxe3 Rb8 29. Rf2 a4 30. Rcf1 a3 31. Qg5 Rb2 32. Kg1 Qb7 33. h4 Qe4 34. Qc1 Rfb8
35. Qg5 Rxf2 36. Rxf2 Rb1+ 37. Rf1 Rxf1+ 38. Kxf1 Qb1+ 39. Kg2 Qxa2+ 40. Kf3 Qc2
41. Qd8+ Kh7 42. Qf8 Qxc3+ 43. Kg2 Qc2+ 44. Kg1 Qb1+ 45. Kg2 Qe4+ 46. Kh2 Qe2+
47. Kh3 Qf1+ 48. Kh2 a2 {White resigns} 0-1

[Event "Team 45 45 League T36"]
[Site "Internet Chess Club"]
[Date "2008.02.18"]
[Round "4"]
[White "kolibandi"]
[Black "frontier"]
[Result "1-0"]
[WhiteElo "2098"]
[BlackElo "2188"]
[Opening "French: Steinitz, Boleslavsky variation"]
[ECO "C11"]
[Time "14:32:14"]
[TimeControl "2700+45"]

1. e4 e6 2. d4 d5 3. Nc3 Nf6 4. e5 Nfd7 5. f4 c5 6. Nf3 Nc6 7. Be3 Qb6 8. Na4
Qa5+ 9. c3 b6 10. Bd2 c4 11. b4 Nxb4 12. cxb4 Bxb4 13. Bxb4 Qxb4+ 14. Kf2 b5 15.
Nc5 Nxc5 16. dxc5 Qxc5+ 17. Qd4 Qxd4+ 18. Nxd4 Bd7 19. Be2 Ke7 20. a3 a5 21.
Rhb1 Rhb8 22. Ke3 Rb7 23. Bd1 Rab8 24. h4 f6 25. Bc2 b4 26. axb4 axb4 27. g3 h6
28. Bg6 b3 29. Kd2 Be8 30. Bxe8 Rxe8 31. Ra6 Kf7 32. Kc3 h5 33. Kb2 Ree7 34. Ra5
Kg6 35. f5+ Kf7 36. Nxe6 Rxe6 37. fxe6+ Kxe6 38. exf6 gxf6 39. Re1+ Kd6 40. Rd1
Rg7 41. Raxd5+ Ke6 42. Rd6+ Ke5 43. R1d5+ Ke4 44. Rd4+ Kf3 45. Rxf6+ Kxg3 46.
Rxc4 Rg4 47. Rxg4+ Kxg4 48. Kxb3 Kxh4 49. Rg6 Kh3 50. Kc3 h4 51. Kd3 Kh2 52. Ke3
h3 53. Kf3 Kh1 54. Kg3 h2 55. Ra6 {Black resigns} 1-0

[Event "Team 45 45 League T36"]
[Site "Internet Chess Club"]
[Date "2008.02.18"]
[Round "4"]
[White "Loco-Motif"]
[Black "chiiwen"]
[Result "1-0"]
[WhiteElo "2038"]
[BlackElo "2024"]
[Opening "Dutch defense"]
[ECO "A84"]
[Time "14:30:22"]
[TimeControl "2700+45"]

1. d4 f5 2. c4 Nf6 3. Nf3 g6 4. Nc3 Bg7 5. e3 d6 6. Be2 O-O 7. O-O Qe8 8. b4 e5
9. Bb2 e4 10. Ng5 h6 11. Nh3 g5 12. Kh1 Nc6 13. b5 Ne7 14. a4 f4 15. exf4 g4 16.
Ng1 Ng6 17. Qd2 Nh5 18. g3 Nf6 19. Nd1 h5 20. Ne3 Ne7 21. Bd1 Nf5 22. Bb3 Kh7
23. c5 Nxe3 24. fxe3 d5 25. Ba3 Rh8 26. Ne2 Bf5 27. Nc3 Rd8 28. Qa2 c6 29. a5
Kg6 30. a6 bxa6 31. bxc6 Qxc6 32. Bb4 h4 33. Kg2 Qb7 34. Ba5 hxg3 35. hxg3 Rdf8
36. Nxd5 Rh3 37. c6 Rfh8 38. cxb7 Rh2+ 39. Kg1 Rh1+ 40. Kf2 {Black resigns} 1-0

[Event "Team 45 45 League T36"]
[Site "Internet Chess Club"]
[Date "2008.02.15"]
[Round "4"]
[White "reb"]
[Black "Gokhtra"]
[Result "1/2-1/2"]
[WhiteElo "2259"]
[BlackElo "2242"]
[Opening "King's Indian: fianchetto, classical variation, 8.e4"]
[ECO "E68"]
[Time "16:59:32"]
[TimeControl "2700+45"]

1. d4 Nf6 2. c4 d6 3. Nf3 g6 4. g3 Bg7 5. Bg2 O-O 6. O-O Nbd7 7. Nc3 e5 8. e4
exd4 9. Nxd4 Re8 10. h3 Nc5 11. Re1 c6 12. Bf4 Nh5 13. Be3 a5 14. Qc2 Qb6 15.
Rad1 Qb4 16. a3 Qb6 17. Nf3 Qc7 18. e5 Bxe5 19. Bxc5 Bf5 20. Qd2 Bxc3 21. bxc3
dxc5 22. g4 Bxg4 23. hxg4 Nf4 24. Qd7 Qxd7 25. Rxd7 b5 26. cxb5 cxb5 27. Bf1
Rxe1 28. Nxe1 Rb8 29. Nd3 Ne6 30. Ne5 b4 31. axb4 cxb4 32. cxb4 axb4 33. Rd2 b3
34. Rb2 Nc5 35. Bc4 Rb4 36. f3 Kg7 37. Bxf7 Rf4 38. Bc4 Kf6 39. Re2 b2 40. Ba2
Rd4 {Game drawn by mutual agreement} 1/2-1/2

[Event "Team 45 45 League T36"]
[Site "Internet Chess Club"]
[Date "2008.02.20"]
[Round "4"]
[White "Capamuerte"]
[Black "bbentrup"]
[Result "1-0"]
[WhiteElo "2224"]
[BlackElo "2169"]
[Opening "Nimzovich-Larsen attack: modern variation"]
[ECO "A01"]
[Time "20:00:50"]
[TimeControl "2700+45"]

1. b3 e5 2. Bb2 Nc6 3. a4 d6 4. e3 g6 5. Nc3 Bg7 6. h3 f5 7. Bc4 Nf6 8. Nf3 e4
9. Ng5 Ne5 10. Ne6 Bxe6 11. Bxe6 Qe7 12. Bc4 c6 13. Be2 d5 14. Ba3 Qe6 15. a5
Bf8 16. Qc1 Bxa3 17. Qxa3 Qe7 18. Qxe7+ Kxe7 19. O-O Rad8 20. Na4 d4 21. Rfd1 d3
22. cxd3 Nxd3 23. Bxd3 Rxd3 24. Nc5 Rd5 25. Nxb7 a6 26. b4 Nd7 27. Ra2 Rb8 28.
Nc5 Nxc5 29. bxc5 Rb5 30. Rc1 Rbxc5 31. Rxc5 Rxc5 32. f3 Kd6 33. Kf2 Rb5 34. Kg3
Kc5 35. fxe4 fxe4 36. Kf4 Kd5 37. Ra4 c5 38. Rxe4 Rxa5 39. Re5+ Kd6 40. e4 Ra4
41. Rd5+ Kc6 42. Ke5 a5 43. Rd6+ Kc7 44. d3 Rb4 45. Ra6 a4 46. Kd5 Rd4+ 47. Kxc5
Rxd3 48. Rxa4 h5 49. Ra6 Rg3 50. Ra2 Kd7 51. Kd5 Ke7 52. Ra7+ Kf8 53. Ke6 Rxg2
54. Kf6 Ke8 55. Re7+ Kd8 56. Rg7 Rg3 57. h4 Rg4 58. e5 Rf4+ 59. Ke6 Rxh4 60.
Rxg6 Rg4 61. Rh6 h4 62. Rh8+ Kc7 63. Ke7 Kc6 64. e6 Ra4 65. Kf7 Rf4+ 66. Ke8 Ra4
67. Rh7 Kd6 68. e7 Ra8+ 69. Kf7 Kd7 70. Rxh4 Ra1 71. e8=Q+ {Black resigns} 1-0

[Event "Team 45 45 League T36"]
[Site "Internet Chess Club"]
[Date "2008.02.16"]
[Round "4"]
[White "Fidius"]
[Black "tini3blas"]
[Result "0-1"]
[WhiteElo "2040"]
[BlackElo "2174"]
[Opening "French defense"]
[ECO "C01"]
[Time "00:08:25"]
[TimeControl "2700+45"]

1. e4 e6 2. d4 Ne7 3. Nc3 d5 4. Nf3 Nbc6 5. Bf4 dxe4 6. Nxe4 Ng6 7. Bg3 f5 8.
Nc3 f4 9. Bd3 Bd6 10. Bxg6+ hxg6 11. Bh4 Rxh4 12. Nxh4 Qxh4 13. Qd3 Qg4 14. f3
Qh4+ 15. Kd2 e5 16. Qxg6+ Kf8 17. Ne4 Be7 18. g3 Qh3 19. Raf1 Nxd4 20. Rf2 Bf5
21. Ng5 Nxf3+ 22. Rxf3 Qg2+ 23. Kc3 Qxc2# {White checkmated} 0-1

[Event "Team 45 45 League T36"]
[Site "Internet Chess Club"]
[Date "2008.02.16"]
[Round "4"]
[White "parrot9"]
[Black "Duguesclin"]
[Result "0-1"]
[WhiteElo "1637"]
[BlackElo "1609"]
[Opening "French: Tarrasch, open, 4.ed ed"]
[ECO "C08"]
[Time "12:05:15"]
[TimeControl "2700+45"]

1. e4 e6 2. d4 d5 3. Nd2 c5 4. exd5 exd5 5. Ngf3 Nf6 6. dxc5 Bxc5 7. Nb3 Bb6 8.
Bd3 O-O 9. O-O Nc6 10. Bg5 h6 11. Bh4 Be6 12. c3 Bg4 13. h3 Bh5 14. Be2 Qd6 15.
Bg3 Qxg3 16. Nbd4 Qg6 17. Nxc6 bxc6 18. Ne5 Qe4 19. g4 Qxe5 20. gxh5 Qg5+ 21.
Kh1 Ne4 22. Bf3 Nxf2+ 23. Rxf2 Bxf2 24. c4 Qg3 25. cxd5 Qxh3# {White checkmated}
0-1

[Event "Team 45 45 League T36"]
[Site "Internet Chess Club"]
[Date "2008.02.18"]
[Round "4"]
[White "clarinetref"]
[Black "Mikey29a"]
[Result "0-1"]
[WhiteElo "1665"]
[BlackElo "1678"]
[Opening "Réti: King's Indian attack"]
[ECO "A05"]
[Time "21:06:43"]
[TimeControl "2700+45"]

1. Nf3 Nf6 2. g3 g6 3. Bg2 Bg7 4. O-O O-O 5. d3 d6 6. Nbd2 e5 7. e4 Nc6 8. h3 h6
9. c3 Nh7 10. Nh4 Ng5 11. Kh2 Kh7 12. f4 exf4 13. Rxf4 Bxh3 14. Bxh3 Nxh3 15.
Kxh3 g5 16. Rf5 gxh4 17. Qh5 Qd7 18. Kg2 Ne5 19. d4 Nd3 20. Nf3 Nxc1 21. Rxc1
hxg3 22. Rf1 Kg8 23. Rh1 Rae8 24. Rg5 Qe6 25. Rxg3 f5 26. Nh4 Qxe4+ 27. Nf3 Qe2+
28. Kh3 f4 29. Rg6 Re3 30. Rxg7+ Kxg7 31. Rg1+ Kf6 32. Qxh6+ Ke7 33. Qg5+ Kd7
34. Qg7+ Ke8 35. Qg6+ Kd8 36. Qg5+ Kc8 37. Qg4+ Kb8 38. Qg7 Qxf3+ 39. Kh4 Qh3+
40. Kg5 Qf5+ {White resigns} 0-1

[Event "Team 45 45 League T36"]
[Site "Internet Chess Club"]
[Date "2008.02.16"]
[Round "4"]
[White "Invicta-Knight"]
[Black "Klondike"]
[Result "1-0"]
[WhiteElo "1514"]
[BlackElo "1432"]
[Opening "French: advance, Milner-Barry gambit"]
[ECO "C02"]
[Time "15:15:13"]
[TimeControl "2700+45"]

1. e4 e6 2. d4 d5 3. e5 c5 4. c3 Qb6 5. Nf3 Nc6 6. Bd3 cxd4 7. cxd4 Bd7 8. O-O
Nb4 9. Be2 Bb5 10. a3 Bxe2 11. Qxe2 Nc6 12. Be3 Nge7 13. b4 Nf5 14. Nc3 Ncxd4
15. Nxd4 Nxd4 16. Qd3 Nf3+ 17. gxf3 Qc7 18. Bd4 a6 19. Rac1 f6 20. Nxd5 Qd8 21.
Nc7+ Kf7 22. Nxa8 fxe5 23. Nc7 exd4 24. Rfe1 Qg5+ 25. Kf1 Bd6 26. Nxe6 Qh5 27.
Ng5+ Qxg5 28. Qb3+ Kg6 29. Qe6+ Qf6 30. Qg4+ Kf7 31. Qh5+ Qg6 32. Qd5+ Kf8 33.
Rc8+ {Black resigns} 1-0

[Event "Team 45 45 League T36"]
[Site "Internet Chess Club"]
[Date "2008.02.17"]
[Round "4"]
[White "Aquaman"]
[Black "OldBoy"]
[Result "1-0"]
[WhiteElo "1412"]
[BlackElo "1411"]
[Opening "Réti: King's Indian attack (Barcza system)"]
[ECO "A07"]
[Time "13:58:37"]
[TimeControl "2700+45"]

1. Nf3 d5 2. g3 Nf6 3. Bg2 Nbd7 4. O-O e5 5. d3 Be7 6. Nbd2 O-O 7. Re1 c6 8. e4
d4 9. Nc4 Qc7 10. a3 b5 11. Ncd2 Nb6 12. Nf1 c5 13. b3 Bb7 14. Bd2 c4 15. bxc4
bxc4 16. Ba5 Ba6 17. h4 Bd6 18. Bb4 c3 19. Bxd6 Qxd6 20. Qc1 Na4 21. Qg5 Rfe8
22. Bh3 h6 23. Qc1 Rab8 24. N1h2 Rb2 25. Ng4 Nxg4 26. Bxg4 Bc8 27. Bxc8 Rxc8 28.
Kg2 Qe6 29. Rh1 f6 30. h5 Rcb8 31. Nh4 R8b7 32. Nf5 Kh7 33. Qd1 Ra2 34. Qg4 Rxc2
35. Qg6+ Kg8 36. Nxh6+ Kf8 37. Nf5 Qg8 38. h6 gxh6 39. Qxf6+ Ke8 40. Nd6+ Kd7
41. Nxb7 Kc7 42. Nd6 Nc5 43. Nb5+ Kb7 44. Rxh6 Nxd3 45. Qc6+ Kb8 46. Qc7+ Ka8
47. Qxa7# {Black checkmated} 1-0

[Event "Team 45 45 League T36"]
[Site "Internet Chess Club"]
[Date "2008.02.15"]
[Round "4"]
[White "frankd"]
[Black "Creb"]
[Result "1-0"]
[WhiteElo "1666"]
[BlackElo "1733"]
[Opening "French: King's Indian attack"]
[ECO "C00"]
[Time "19:00:24"]
[TimeControl "2700+45"]

1. e4 e6 2. d3 d5 3. Nd2 c5 4. Ngf3 Nc6 5. g3 Bd6 6. Bg2 Nge7 7. O-O O-O 8. Nh4
Qc7 9. f4 f6 10. Ndf3 Bd7 11. Qe1 Rae8 12. Be3 d4 13. Bf2 b6 14. Nd2 e5 15. f5
Nb4 16. Qd1 Bb5 17. a3 Na6 18. Qh5 Rc8 19. Nc4 Bxc4 20. dxc4 Qd7 21. b3 Qe8 22.
Qg4 Rb8 23. Rfd1 Nc8 24. Bf1 Ne7 25. c3 Rd8 26. Be1 Bb8 27. b4 dxc3 28. Bxc3
Rxd1 29. Rxd1 Qc8 30. b5 Nc7 31. Qe2 Rd8 32. Ng2 Rd7 33. Ne3 Qd8 34. Nd5 Ncxd5
35. cxd5 Nc8 36. Qf3 Nd6 37. a4 Qe8 38. g4 Nf7 39. h4 h6 40. Bh3 Bd6 41. Bd2 Rc7
42. Rc1 Qe7 43. Bf1 Qe8 44. Qg2 Qe7 45. Bc4 Qd8 46. a5 Qe7 47. axb6 axb6 48. Ra1
Ra7 49. Ra6 Qb7 50. Be3 Rxa6 51. bxa6 Qa7 52. g5 hxg5 53. hxg5 Nxg5 54. Bxg5
fxg5 55. Qxg5 Kf7 56. Qg6+ {Black resigns} 1-0

[Event "Team 45 45 League T36"]
[Site "Internet Chess Club"]
[Date "2008.02.16"]
[Round "4"]
[White "scar99"]
[Black "MrCdawg"]
[Result "1/2-1/2"]
[WhiteElo "1476"]
[BlackElo "1386"]
[Opening "Sicilian: closed"]
[ECO "B23"]
[Time "12:35:35"]
[TimeControl "2700+45"]

1. e4 c5 2. Nc3 g6 3. f4 Bg7 4. Nf3 Nc6 5. Bb5 Nd4 6. Bc4 e6 7. O-O Ne7 8. Nxd4
cxd4 9. Ne2 d5 10. Bb5+ Bd7 11. Bxd7+ Qxd7 12. e5 Nc6 13. d3 O-O 14. Bd2 f6 15.
exf6 Bxf6 16. Ng3 Bg7 17. Qg4 Rf7 18. Rae1 Re8 19. Ne2 e5 20. Qxd7 Rxd7 21. fxe5
Rxe5 22. Nf4 Rd6 23. a3 a5 24. Rxe5 Bxe5 25. Re1 b6 26. Nh3 Kg7 27. Ng5 h6 28.
Nf3 Re6 29. h3 g5 30. g4 Kf6 31. Kg2 Bd6 32. Rxe6+ Kxe6 33. h4 Bf4 34. hxg5 Bxd2
35. Nxd2 hxg5 36. Nf3 Kf6 37. Kf2 Ne5 38. Kg3 Nxf3 39. Kxf3 Ke5 40. Kg3 Kd6 41.
Kf3 Ke5 42. Kg3 {Game drawn by mutual agreement} 1/2-1/2

[Event "Team 45 45 League T36"]
[Site "Internet Chess Club"]
[Date "2008.02.14"]
[Round "4"]
[White "seldredg"]
[Black "fredd"]
[Result "0-1"]
[WhiteElo "1316"]
[BlackElo "1581"]
[Opening "English opening"]
[ECO "A20"]
[Time "23:02:20"]
[TimeControl "2700+45"]

1. c4 e5 2. g3 Nf6 3. Bg2 Bc5 4. Nc3 c6 5. e3 O-O 6. a3 a5 7. Na4 Na6 8. Ne2 Rb8
9. O-O b5 10. Nac3 bxc4 11. f4 exf4 12. Rxf4 d5 13. Nd4 Qd6 14. h3 Re8 15. d3
Rb7 16. Nf5 Bxf5 17. Rxf5 Bxe3+ 18. Bxe3 Rxe3 19. dxc4 Qc5 20. Kh2 Qxc4 21. Bf1
Rxb2+ 22. Kh1 Qxc3 23. Rc1 Qxa3 24. Rf2 {White resigns} 0-1

[Event "Team 45 45 League T36"]
[Site "Internet Chess Club"]
[Date "2008.02.16"]
[Round "4"]
[White "MathWorker"]
[Black "PeteyDaddy"]
[Result "1-0"]
[WhiteElo "1537"]
[BlackElo "1159"]
[Opening "Pirc: classical system, 5.Be2"]
[ECO "B08"]
[Time "21:00:58"]
[TimeControl "2700+45"]

1. e4 d6 2. d4 Nf6 3. Nc3 g6 4. Nf3 Bg7 5. Be2 O-O 6. O-O Nbd7 7. Bf4 b6 8. Re1
Bb7 9. e5 Nd5 10. Nxd5 Bxd5 11. c4 dxe5 12. Nxe5 Bxe5 13. dxe5 Bb7 14. b4 c5 15.
b5 e6 16. Qb3 a5 17. Qh3 f6 18. Qxe6+ Rf7 19. Rad1 Qe7 20. Qxe7 Rxe7 21. exf6
Nxf6 22. Bg5 Kg7 23. Rd6 Rf7 24. Rxb6 Re8 25. Bxf6+ Rxf6 26. Rxb7+ Rf7 27. Rxf7+
Kxf7 28. Kf1 Rd8 29. Rd1 {Black resigns} 1-0

[Event "Team 45 45 League T36"]
[Site "Internet Chess Club"]
[Date "2008.02.16"]
[Round "4"]
[White "badmove"]
[Black "allanchs"]
[Result "1-0"]
[WhiteElo "1650"]
[BlackElo "1493"]
[Opening "Vienna gambit"]
[ECO "C29"]
[Time "15:00:40"]
[TimeControl "2700+45"]

1. e4 e5 2. Nc3 Nf6 3. f4 Nc6 4. Bc4 d6 5. Nf3 Bg4 6. Be2 Qd7 7. d3 O-O-O 8. h3
Bxf3 9. Bxf3 Nd4 10. Be3 Nxf3+ 11. Qxf3 Be7 12. d4 exd4 13. Bxd4 Rhe8 14. O-O-O
Qc6 15. Rd3 g6 16. Rhd1 Nd7 17. Nd5 Qa6 {Black resigns} 1-0

[Event "Team 45 45 League T36"]
[Site "Internet Chess Club"]
[Date "2008.02.14"]
[Round "4"]
[White "crag"]
[Black "BHogan"]
[Result "0-1"]
[WhiteElo "1515"]
[BlackElo "1640"]
[Opening "French: Tarrasch, closed variation, main line"]
[ECO "C06"]
[Time "19:01:23"]
[TimeControl "2700+45"]

1. e4 e6 2. d4 d5 3. Nd2 Nf6 4. e5 Nfd7 5. Bd3 c5 6. c3 Nc6 7. Ne2 cxd4 8. cxd4
Qb6 9. Nf3 f6 10. exf6 Nxf6 11. O-O Bd6 12. Nc3 O-O 13. Be3 Bd7 14. Bc1 Be8 15.
Qe2 Bf7 16. Qe3 Rae8 17. Nb5 Bb8 18. Re1 Nb4 19. Ne5 a6 20. Nxf7 Rxf7 21. Na3
Nxd3 22. Qxd3 Ne4 23. Re2 Rc8 24. Nc2 Qd6 25. g3 Qf8 26. Be3 Rf5 27. Rf1 Qe8 28.
Ne1 Qh5 29. f4 Bd6 30. Nf3 Be7 31. Nd2 Nxd2 32. Bxd2 Rc6 33. Rfe1 Qg6 34. Re5
Rxe5 {White resigns} 0-1

[Event "Team 45 45 League T36"]
[Site "Internet Chess Club"]
[Date "2008.02.16"]
[Round "4"]
[White "SATELLITE-DAN"]
[Black "Mudfrog"]
[Result "1-0"]
[WhiteElo "1489"]
[BlackElo "1463"]
[Opening "French: Rubinstein variation"]
[ECO "C10"]
[Time "08:58:49"]
[TimeControl "2700+45"]

1. e4 e6 2. d4 d5 3. Nc3 dxe4 4. Nxe4 Nd7 5. Nf3 Ngf6 6. Bd3 Nxe4 7. Bxe4 Nf6 8.
Bd3 Be7 9. c3 O-O 10. Qc2 c5 11. O-O cxd4 12. Nxd4 Bd7 13. Nf3 Bc6 14. Ne5 Bxg2
15. Kxg2 Qd5+ 16. Nf3 e5 17. Re1 Bd6 18. Be4 Nxe4 19. Qxe4 Qe6 20. Qxb7 Qg6+ 21.
Kh1 f5 22. Qd5+ Kh8 23. Rg1 Qe8 24. Qxd6 e4 25. Qg3 Rg8 26. Ng5 h6 27. Be3 Qg6
28. Qh4 a6 29. Nxe4 Qe6 30. Ng5 Qd5+ 31. Rg2 Rae8 32. Bd4 {Black resigns} 1-0

[Event "Team 45 45 League T36"]
[Site "Internet Chess Club"]
[Date "2008.02.17"]
[Round "4"]
[White "Mustard"]
[Black "Jozin"]
[Result "1-0"]
[WhiteElo "1827"]
[BlackElo "1674"]
[Opening "Queen's pawn game, Darooha variation "]
[ECO "D02"]
[Time "09:30:08"]
[TimeControl "2700+45"]

1. d4 d5 2. Nf3 Nf6 3. c3 e6 4. Bf4 Bd6 5. Ne5 O-O 6. e3 c5 7. Nd2 c4 8. b3 cxb3
9. axb3 Qc7 10. Be2 Nbd7 11. Nxd7 Bxd7 12. Bg5 Be7 13. Qc2 Bc6 14. Bd3 h6 15. h4
hxg5 16. hxg5 Ne4 17. Nxe4 dxe4 18. Bxe4 Bxe4 19. Qxe4 f6 20. g6 e5 21. Rh8+
Kxh8 22. Qh4+ {Black resigns} 1-0

[Event "Team 45 45 League T36"]
[Site "Internet Chess Club"]
[Date "2008.02.18"]
[Round "4"]
[White "GolfSuper"]
[Black "OOB1"]
[Result "0-1"]
[WhiteElo "1599"]
[BlackElo "1582"]
[Opening "Sicilian: Taimanov variation"]
[ECO "B46"]
[Time "20:08:28"]
[TimeControl "2700+45"]

1. e4 c5 2. Nf3 Nc6 3. d4 cxd4 4. Nxd4 a6 5. Nc3 e6 6. Bc4 Bc5 7. Be3 Ne5 8. Bb3
b6 9. f3 Bb7 10. Qd2 Nf6 11. O-O-O O-O 12. Na4 Be7 13. Ne2 b5 14. Nc5 Bxc5 15.
Bxc5 Re8 16. Qd4 Nc6 17. Qd2 d5 18. exd5 exd5 19. Nc3 Ne7 20. Bxe7 Qxe7 21. Rhe1
Qc5 22. Rxe8+ Rxe8 23. Bxd5 Bxd5 24. Nxd5 Nxd5 25. Qxd5 Qe3+ 26. Qd2 Qb6 27. Re1
Rxe1+ 28. Qxe1 Qh6+ 29. Kb1 Qc6 30. Qe5 h6 31. Qe4 Qd6 32. Qe8+ Kh7 33. Kc1 Qxh2
34. Qxf7 Qg1+ 35. Kd2 Qxg2+ 36. Kc3 Qg6 37. Qxg6+ Kxg6 38. Kd3 h5 39. Ke2 Kg5
40. Kf2 Kf4 41. b3 b4 42. Kg2 a5 43. Kf2 h4 44. Kg2 h3+ 45. Kxh3 Kxf3 46. Kh2
Ke2 47. Kg2 Kd2 48. Kf2 Kxc2 {White resigns} 0-1

[Event "Team 45 45 League T36"]
[Site "Internet Chess Club"]
[Date "2008.02.15"]
[Round "4"]
[White "strudel"]
[Black "Fidelian"]
[Result "1/2-1/2"]
[WhiteElo "1455"]
[BlackElo "1294"]
[Opening "Philidor: exchange variation"]
[ECO "C41"]
[Time "13:59:56"]
[TimeControl "2700+45"]

1. e4 e5 2. Nf3 d6 3. d4 exd4 4. Nxd4 Nf6 5. Nc3 a6 6. Be2 Be7 7. O-O c5 8. Nf5
Bxf5 9. exf5 O-O 10. Nd5 Nxd5 11. Qxd5 Qd7 12. c4 Nc6 13. Bf4 Nd4 14. Bg4 Qc6
15. Qxc6 Nxc6 16. Rfe1 Rfe8 17. h3 Nd4 18. Rad1 Rad8 19. Rd2 Kf8 20. Red1 Bf6
21. b3 b6 22. Be3 h6 23. Bxd4 Bxd4 24. Bf3 Re5 25. g4 Rde8 26. Kg2 a5 27. Kf1 f6
28. Re2 Rb8 29. Rxe5 dxe5 30. Bd5 b5 31. Ke2 bxc4 32. Bxc4 Ra8 33. Kd3 Bxf2 34.
Ke4 Bd4 35. Bb5 Rd8 36. a4 Ke7 37. Rd3 Rd6 38. Bc4 Bb2 39. Rxd6 Kxd6 40. h4 Bc1
41. h5 Bd2 42. Kd3 Bb4 43. Ke4 Bc3 44. Kd3 Bd4 45. Ke4 {Game drawn by mutual
agreement} 1/2-1/2